AoeStats
← mauro.escalier

Arabia

510617593Analyzed
1v1 RM · 20h ago on Oct 1, 2026· 51m 2s· 2 players
Game mode
Random Map
Map size
Tiny (2 player)
Population
200
Speed
Normal
Resources
Standard
Victory
Conquest
Starting age
Dark Age
Ending age
Imperial Age
RankedLock teamsTeams togetherTeam positionsShared explorationLock speedFull tech treeHidden civsTurbo modeCheats
Victory
Defeat
🇵🇾 Burgundians · Paraguay
1394
+14
🇦🇷 Koreans · Argentina
1354
-14
Heisenberg
6:42 Loom
8:59 Feudal Age
9:07 Man-at-Arms
10:06 Double-Bit Axe
20:00 Castle Age
18:20 Fletching
18:37 Horse Collar
18:49 Gold Mining
20:06 Scale Barding Armor
20:10 Crossbowman
22:47 Forging
27:13 Bodkin Arrow
27:54 Padded Archer Armor
28:17 Chain Barding Armor
29:30 Wheelbarrow
30:43 Iron Casting
30:00 Cavalier
30:41 Husbandry
35:09 Heavy Plow
35:20 Bow Saw
39:19 Imperial Age
41:20 Plate Barding Armor
40:51 Stone Mining
42:27 Gold Shaft Mining
41:45 Paladin
43:29 Blast Furnace
43:30 Bracer
43:19 Elite Skirmisher
45:57 Padded Archer Armor
47:28 Ballistics
49:53 Two-Man Saw
49:27 Leather Archer Armor
50:56 Chemistry
mauro.escalier
6:17 Loom
9:49 Feudal Age
21:32 Castle Age
20:19 Stone Mining
21:07 Wheelbarrow
21:02 Fletching
22:56 Bodkin Arrow
34:14 Horse Collar
34:22 Double-Bit Axe
34:30 Gold Mining
37:39 Scale Mail Armor
37:00 Pikeman
41:41 Imperial Age
39:25 Pikeman
40:35 Bow Saw
40:26 Heavy Plow
42:07 Arson
42:23 Squires
41:43 Halberdier
43:17 Bracer
43:40 Ballistics
45:27 Hand Cart
49:20 Chain Mail Armor
48:55 Elite Fire Lancer
49:58 Forging
Connection lost

Rejoining the realm…

Still unreachable

The connection could not be restored.

Session expired

The server has moved on; the page needs a fresh start.